 Dungeon Crawl Stone Soup version 0.30-a0-1074-g5db6f66fbb (webtiles) character file.

Game seed: 4864599318742398852

1444889 Ic0nGaming the Intangible (level 27, 197/197 HPs)
             Began as a Kobold Fighter on Apr 14, 2023.
             Was an Elder of Okawaru.
             Escaped with the Orb
             ... and 3 runes on Apr 15, 2023!
             The game lasted 04:13:37 (103823 turns).

Ic0nGaming the Intangible (Kobold Fighter)        Turns: 103823, Time: 04:13:37

Health: 197/197    AC: 13    Str: 14    XL:     27
Magic:  35/35      EV: 43    Int: 13    God:    Okawaru [****..]
Gold:   3139       SH: 24    Dex: 28    Spells: 26/26 levels left

rFire   + + +      SeeInvis +    h - +6 rapier of the Grave {heavy, rN+ rCorr Dex+3 SInv}
rCold   + . .      Faith    .    P - +5 kite shield {reflect}
rNeg    + + .      Spirit   +    H - +3 leather armour {rPois}
rPois   +          Reflect  +    (no helmet)
rElec   +          Rampage  .    B - scarf {rC+ rF+}
rCorr   +                        v - +1 pair of gloves of Existentialism {rElec Int+3}
Will    +++..                    Q - +2 pair of boots {Stlth+}
Stlth   ++++                     p - amulet of guardian spirit
HPRegen 0.52/turn                c - ring "Secanet" {rF+ rN+ MP+9 Str-2}
MPRegen 0.24/turn                G - ring of willpower

@: studying 4 skills
A: small, no large weapons, nightstalker 3, large bone plates 1, deformed body,
fire resistance 1, low MP 1, mutation resistance 1, screaming 2, shaggy fur 1,
subdued magic 1, inability to drink after injury 2
0: Orb of Zot
}: 3/15 runes: serpentine, barnacled, abyssal
a: Renounce Religion, Heroism, Finesse


You escaped.
You worshipped Okawaru.
Okawaru was greatly pleased with you.
You visited 10 branches of the dungeon, and saw 47 of its levels.
You visited the Abyss 2 times.
You visited 1 bazaar.

You collected 5969 gold pieces.
You spent 2830 gold pieces at shops.

Inventory:

Hand Weapons
 b - a +2 dagger of venom
 h - the +6 rapier of the Grave (weapon) {heavy, rN+ rCorr Dex+3 SInv}
   (You found it on level 4 of the Dungeon)

   Dex:       It affects your dexterity (+3).
   rN:        It protects you from negative energy.
   SInv:      It lets you see invisible.
   rCorr:     It protects you from acid and corrosion.
 I - a +5 demon blade of draining
Missiles
 j - 33 boomerangs (quivered)
 o - 10 throwing nets
 y - 7 boomerangs of dispersal
Armour
 a - the +1 helmet "Masiroa" {Fly Will+}
   (You acquired it on level 1 of the Vaults)

   Fly:       It grants you flight.
   Will:      It increases your willpower.
 v - the +1 pair of gloves of Existentialism (worn) {rElec Int+3}
   (You bought it in a shop in a bazaar)

   Int:       It affects your intelligence (+3).
   rElec:     It insulates you from electricity.
 B - a scarf of resistance (worn)
 H - a +3 leather armour of poison resistance (worn)
 P - a +5 kite shield of reflection (worn)
 Q - a +2 pair of boots of stealth (worn)
 S - quicksilver dragon scales
 X - a +2 helmet of see invisible
Jewellery
 c - the ring "Secanet" (left hand) {rF+ rN+ MP+9 Str-2}
   (You took it off a deep elf annihilator on level 3 of the Elven Halls)

   [ring of magical power]

   Str:       It affects your strength (-2).
   rF:        It protects you from fire.
   rN:        It protects you from negative energy.
   MP:        It affects your magic capacity (+9).
 p - an amulet of guardian spirit (around neck)
 r - an amulet of reflection
 t - the ring of Greater Demons {Fire rN+++ Str-2 Int+4 Dex-4}
   (You found it on level 2 of the Shoals)

   [ring of fire]

   It enhances your fire magic.
   Str:       It affects your strength (-2).
   Int:       It affects your intelligence (+4).
   Dex:       It affects your dexterity (-4).
   rF:        It protects you from fire.
   rC:        It makes you vulnerable to cold.
   rN:        It renders you almost immune to negative energy.
 D - a +5 ring of evasion
 G - a ring of willpower (right hand)
 V - a ring of protection from cold
Wands
 i - a wand of flame (71)
 u - a wand of roots (25)
 A - a wand of quicksilver (18)
 J - a wand of paralysis (28)
 K - a wand of polymorph (28)
 N - a wand of mindburst (44)
Scrolls
 l - 23 scrolls of identify
 m - 7 scrolls of teleportation
 s - 7 scrolls of magic mapping
 w - 6 scrolls of enchant weapon
 x - 3 scrolls of blinking
 C - 4 scrolls of silence
 E - 5 scrolls of fog
 O - 4 scrolls of brand weapon
 T - 5 scrolls of fear
Potions
 e - 5 potions of haste
 f - 10 potions of curing
 g - 4 potions of cancellation
 k - 3 potions of ambrosia
 n - 4 potions of mutation
 q - 6 potions of flight
 z - 3 potions of resistance
 F - 7 potions of lignification
 M - 3 potions of brilliance
 U - 4 potions of heal wounds
Miscellaneous
 R - a phial of floods


   Skills:
 + Level 26.8 Fighting
 + Level 25.5(25.9) Short Blades
 - Level 5.0(12.4) Long Blades
 - Level 11.5 Armour
 O Level 27 Dodging
 O Level 27 Stealth
 - Level 11.4 Shields
 - Level 8.0 Invocations
 - Level 17.6 Evocations


You had 26 spell levels left.
You didn't know any spells.
Your spell library contained the following spells:

 Spells                   Type           Power      Damage    Failure   Level
 Kiss of Death            Conj/Necr      0%         2d5       67%         1
 Magic Dart               Conj           0%         1d3       67%         1
 Necrotise                Necr           0%         1d4       67%         1
 Slow                     Hex            0%         N/A       67%         1
 Blink                    Tloc           0%         N/A       82%         2
 Cigotuvi's Dreadful Rot  Necr/Pois/Air  0%         N/A       82%         2
 Ensorcelled Hibernation  Hex/Ice        0%         N/A       82%         2
 Lesser Beckoning         Tloc           0%         N/A       82%         2
 Momentum Strike          Conj/Tloc      0%         3d8       82%         2
 Passwall                 Tmut/Erth      0%         N/A       82%         2
 Poisonous Vapours        Pois/Air       0%         N/A       82%         2
 Searing Ray              Conj           0%         2d4       82%         2
 Sublimation of Blood     Necr           0%         N/A       82%         2
 Wereblood                Tmut           0%         N/A       82%         2
 Confusing Touch          Hex            0%         N/A       96%         3
 Dazzling Flash           Conj/Hex       0%         N/A       96%         3
 Ignite Poison            Fire/Tmut/Pois 0%         N/A       96%         3
 Inner Flame              Hex/Fire       0%         N/A       96%         3
 Mephitic Cloud           Conj/Pois/Air  0%         N/A       96%         3
 Ozocubu's Armour         Ice            0%         N/A       96%         3
 Stone Arrow              Conj/Erth      0%         3d7       96%         3
 Swiftness                Air            0%         N/A       96%         3
 Vampiric Draining        Necr           0%         2d6       96%         3
 Vhi's Electric Charge    Tloc/Air       0%         N/A       96%         3
 Cause Fear               Hex            0%         N/A       100%        4
 Dispel Undead            Necr           0%         3d6       100%        4
 Flame Wave               Conj/Fire      0%         2d4       100%        4
 Fulminant Prism          Conj/Hex       0%         3d5       100%        4
 Ice Form                 Ice/Tmut       0%         N/A       100%        4
 Leda's Liquefaction      Hex/Erth       0%         N/A       100%        4
 Olgreb's Toxic Radiance  Pois           0%         N/A       100%        4
 Sticky Flame             Conj/Fire      0%         2d3       100%        4
 Agony                    Necr           0%         N/A       100%        5
 Arcjolt                  Conj/Air       0%         1d10      100%        5
 Freezing Cloud           Conj/Ice/Air   0%         6-21      100%        5
 Lee's Rapid Deconstruct  Erth           0%         3d4*      100%        5
 Metabolic Englaciation   Hex/Ice        0%         N/A       100%        5
 Yara's Violent Unravell  Hex/Tmut       0%         3d3       100%        5
 Conjure Ball Lightning   Conj/Air       0%         3x3d6     100%        6
 Eringya's Noxious Bog    Tmut/Pois      0%         N/A       100%        6
 Plasma Beam              Fire/Air       0%         2x1d11    100%        6
 Statue Form              Tmut/Erth      0%         N/A       100%        6
 Dragon Form              Tmut           0%         N/A       100%        7
 Enfeeble                 Hex            0%         N/A       100%        7
 Ozocubu's Refrigeration  Ice            0%         4d7       100%        7
 Storm Form               Tmut/Air       0%         N/A       100%        7
 Discord                  Hex            0%         N/A       100%        8
 Disjunction              Tloc           0%         N/A       100%        8
 Ignition                 Fire           0%         3d3       100%        8
 Lehudib's Crystal Spear  Conj/Erth      0%         10d2      100%        8
 Maxwell's Capacitive Co  Air            0%         ∞         100%        8
 Polar Vortex             Ice            0%         N/A       100%        9
 Animate Armour           Summ/Erth      Unusable   N/A       N/A         4
 Summon Lightning Spire   Summ/Air       Unusable   N/A       N/A         4
 Summon Forest            Summ/Tloc      Unusable   N/A       N/A         5
 Death Channel            Necr           Unusable   N/A       N/A         6
 Simulacrum               Ice/Necr       Unusable   N/A       N/A         6
 Haunt                    Necr/Summ      Unusable   N/A       N/A         7
 Summon Hydra             Summ           Unusable   N/A       N/A         7
 Dragon's Call            Summ           Unusable   N/A       N/A         9

Dungeon Overview and Level Annotations

Branches:
Dungeon (15/15)            Temple (1/1) D:7            Lair (5/5) D:11
 Shoals (4/4) Lair:3        Snake (4/4) Lair:2        Slime (0/5) Lair:4
    Orc (2/2) D:10            Elf (3/3) Orc:2        Vaults (4/5) D:14
  Crypt (0/3) Vaults:2     Depths (4/4) D:15            Zot (5/5) Depths:4

Altars:
Ashenzari
Cheibriados
Dithmenos
Elyvilon
Fedhas
Gozag
Hepliaklqana
Kikubaaqudgha
Makhleb
Nemelex Xobeh
Okawaru
Qazlal
Ru
Sif Muna
Trog
Uskayaw
Vehumet
Wu Jian
Xom
Yredelemnul
Zin
The Shining One
Jiyva
Lugonu

Shops:
D:1 (   D:5 *   D:6 *   D:8 *(*[   Orc:2 =:![   Elf:3 =   Shoals:1 *
Vaults:2 *!*(   Depths:4 *

Portals:
Hell: Depths:1 Depths:2 Depths:3 Depths:4
Abyss: Lair:5 Depths:3
Pandemonium: Depths:1 Depths:2
Ziggurat: Depths:4

Annotations:
D:11 1 runed translucent door, FlurksSlurper's ghost, journeyman DsGl
D:12 Kirke
Shoals:2 3 runed translucent doors, exclusion: obsidian statue, Polyphemus
Snake:3 2 transporters
Depths:3 exclusion: orange crystal statue
Zot:5 exclusion: orange crystal statue


Innate Abilities, Weirdness & Mutations

You are small and have problems with some larger weapons.
You are completely attuned to the shadows.
You are partially covered in large bone plates. (SH +4)
Armour fits poorly on your strangely shaped body.
Your flesh is heat resistant. (rF+)
Your magical capacity is low. (-10% MP)
You are somewhat resistant to further mutation.
You frequently scream uncontrollably at your foes.
You are covered in fur. (AC +1)
Your spells are a little easier to cast, but a little less powerful.
You sometimes lose the ability to drink potions when taking damage.


Message History

You puncture the goblin!
You kill the goblin!
No target in view!
No target in view!
(D) Dungeon (T) Temple (L) Lair (A) Shoals (P) Snake Pit (M) Slime Pits (O) Orcish Mines (E) Elven Halls (V) Vaults (C) Crypt (U) Depths (H) Hell (Z) Zot
Where to? (Enter - D:1, ? - help)
There is an open door here.
There is a stone staircase leading down here.
There is a stone staircase leading up here.
You climb upwards.
There is a stone staircase leading down here.
(D) Dungeon (T) Temple (L) Lair (A) Shoals (P) Snake Pit (M) Slime Pits (O) Orcish Mines (E) Elven Halls (V) Vaults (C) Crypt (U) Depths (H) Hell (Z) Zot
Where to? (Enter - D:1, ? - help)
Okay, then.
A sun demon comes into view.
The sun demon shouts!
A balrug comes into view.
It is wielding a +1 demon whip of electrocution.
You scream at the balrug!
A sun demon comes into view.
The balrug gestures at you.
The fireball explodes!
The fireball engulfs you. You resist.
You feel yourself speed up. You block the sun demon's attack.
There is an open door here.
Aiming: Dig
Press: ? - help, Shift-Dir - straight line This square is covered in magical glow.
The rock shatters into small pieces.
The now-empty wand crumbles to dust.
An Ice Fiend comes into view.
You scream at the Ice Fiend!
You hear a shout!
Your extra speed is starting to run out.
There is a staircase leading out of the dungeon here.
You feel yourself slow down.
You have escaped!

.#...†...#.###.#.###...+.........
.####'####.#......##...#.##.#.###
.............#..~..#...#.########
..........###..~.~.....#.#.....##
........)## #.~...~....#.#.###.##
.........####.~...~....#.#.# #...
........###...~.......##.#.######
........###.~.~.~~~~~..#.....#
...........~..~.@....~...###.#
#####....~~......~....~~(..#.#
.####...~....~~~~....^..~..#.##
....#....~~~~......~~~~~...#..#
###........................##.#
...#...##################..##.#
...###..# #.##..# ...# #..#
###.##.## #### #..# ###...##.#


There were no monsters in sight!

Vanquished Creatures
  3 dread liches
  4 ancient liches
  12 orbs of fire
  2 juggernauts (Depths:4)
  Parghit (Zot:3)
  2 Killer Klowns
  A shard shrike (Zot:4)
  3 curse toes
  Saint Roka (Orc:2)
  3 caustic shrikes (Depths:4)
  Nikola (Elf:3)
  5 golden dragons
  4 electric golems
  An Ice Fiend (D:14)
  Rupert (D:15)
  6 liches
  17 tentacled monstrosities
  28 Orb Guardians
  15 quicksilver dragons
  2 deep elf blademasters (Elf:3)
  3 titans
  2 walking divine tomes
  A tentacled starspawn (Abyss:4)
  12 death cobs
  A deep elf master archer (Elf:3)
  3 acid blobs (Zot:1)
  An ancient champion (Depths:1)
  Frances (D:12)
  15 draconian monks
  A tengu reaver (Depths:3)
  14 storm dragons
  4 sphinxes
  4 nagarajas
  Agnes (Snake:4)
  8 shadow dragons
  Donald (Shoals:4)
  A rockslime (Zot:4)
  10 draconian knights
  15 frost giants
  10 draconian scorchers
  8 fire giants
  2 iron dragons
  5 deep elf sorcerers
  5 ghost moths
  Louise (Snake:3)
  9 vault wardens
  Aizul (Snake:3)
  11 draconian shifters
  4 spectral caustic shrikes (Depths:4)
  8 draconian annihilators
  A reaper (D:12)
  14 stone giants
  10 ironbound preservers
  6 deep elf elementalists (Elf:3)
  15 very ugly things
  6 draconian stormcallers
  A war gargoyle (Vaults:1)
  A spriggan defender (Depths:2)
  6 ironbound thunderhulks
  4 vampire knights
  The ghost of KristoblXynda the Carver, a journeyman DrGl of Vehumet (D:13)
  6 deep elf demonologists
  8 deep elf annihilators
  12 green draconians
  11 dire elephants
  A lorocyproca (D:10)
  15 black draconians
  22 yellow draconians
  15 spark wasps
  15 red draconians
  19 white draconians
  15 purple draconians
  7 ettins
  A quicksilver dragon zombie (D:15)
  7 merfolk impalers
  7 fire dragons
  2 entropy weavers (Vaults:1)
  5 deep elf death magi
  4 merfolk javelineers
  6 vault guards
  10 yaktaur captains
  6 great orbs of eyes
  9 rakshasas
  3 hell beasts
  Harold (D:11)
  2 salamander tyrants (Snake:4)
  7 ice dragons
  4 deep elf high priests
  3 spriggan air magi
  5 hydras
  A catoblepas (Shoals:2)
  3 ogre magi (Orc:2)
  Erica (Orc:1)
  25 centaur warriors
  15 anacondas
  6 ironbound frosthearts
  18 death yaks
  6 boulder beetles
  3 merfolk avatars
  12 naga warriors
  A merfolk aquamancer (Shoals:3)
  8 two-headed ogres
  2 death knights (D:13)
  33 dancing weapons
  6 satyrs
  2 tengu warriors
  7 deep troll shamans
  An orc high priest (Orc:1)
  A hell hog (Depths:1)
  7 deep troll earth magi
  4 vampire magi
  4 thrashing horrors
  8 shock serpents
  13 naga sharpshooters
  5 spriggan berserkers
  23 deep elf knights
  A sun demon (Abyss:3)
  3 skysharks
  13 iron trolls
  7 skeletal warriors
  A shadow wraith (D:13)
  A salamander mystic (Snake:4)
  A quicksilver dragon simulacrum (Depths:1)
  8 sea snakes
  A sixfirhy (Zot:1)
  A swamp dragon (shapeshifter) (Depths:1)
  3 glowing orange brains
  A flayed ghost (D:15)
  A spark wasp zombie (D:15)
  5 large abominations
  40 deep trolls
  21 ironbound convokers
  4 wizards
  16 naga ritualists
  17 lindwurms
  3 phantasmal warriors
  3 orc knights
  15 deep elf archers
  28 deep elf pyromancers
  14 mana vipers
  A necromancer (D:15)
  29 harpies
  38 deep elf zephyrmancers
  18 ugly things
  9 orc sorcerers
  36 moths of wrath
  2 cyclopes
  A will-o-the-wisp (Abyss:4)
  15 manticores
  4 fauns
  14 elephants
  7 salamanders
  6 guardian serpents
  8 centaur zombies
  48 black mambas
  3 torpor snails
  7 water nymphs
  12 merfolk sirens
  A hellion (Abyss:4)
  15 naga magi
  15 vault sentinels
  An orange demon (Zot:4)
  A spriggan zombie (D:15)
  Maggie (D:6)
  2 rime drakes
  2 gargoyles
  4 efreet
  29 yaktaurs
  3 smoke demons
  3 centaur skeletons (D:14)
  12 cane toads
  5 freezing wraiths
  An unseen horror (shapeshifter) (Lair:5)
  3 tengu conjurers
  8 komodo dragons
  An unseen horror (D:11)
  2 trolls (shapeshifter)
  An ancient zyme (Lair:5)
  8 trolls
  21 merfolk
  2 polar bears
  8 wind drakes
  6 raiju (Abyss:4)
  35 blink frogs
  An ettin zombie (D:15)
  8 dream sheep
  4 hornets
  8 snapping turtles
  3 air elementals (Elf:1)
  A jumping spider (Vaults:1)
  A jumping spider (shapeshifter) (Lair:5)
  57 slime creatures
  A centaur simulacrum (D:14)
  7 shadows
  5 spriggans
  3 fire elementals
  7 vampires
  A culicivora (Vaults:1)
  7 wraiths (D:11)
  20 yaks
  2 wyverns (Lair:2)
  A hog (D:12)
  19 water elementals
  4 fire bats (Abyss:4)
  5 chaos spawn
  7 basilisks
  4 neqoxecs
  A redback (Vaults:1)
  10 vampire mosquitoes
  2 steam dragons
  47 nagas
  4 wargs
  4 acid dragons
  A floating eye (Depths:1)
  8 hell hounds
  Duvessa (D:6)
  17 water moccasins
  A meliai simulacrum (D:13)
  21 orc warriors
  2 sky beasts
  2 black bears
  2 ice beasts
  11 ogres
  4 boggarts (Vaults:1)
  21 centaurs
  15 wolves
  The ghost of tish the Conjurer, an amateur OpCj (D:3)
  9 bullfrogs
  A gnoll sergeant (D:6)
  3 scorpions
  14 wights
  2 earth elementals (Elf:2)
  Dowan (D:6)
  11 small abominations
  16 killer bees
  2 howler monkeys
  An electric eel (Snake:3)
  3 quasits (D:3)
  21 jellies
  14 orc priests
  7 hounds
  A gnoll bouda (D:7)
  5 sleepcaps
  A boggart zombie (D:11)
  An iguana (D:6)
  Natasha (thrice) (D:2)
  31 orc wizards
  5 hell rats (Lair:5)
  A howler monkey zombie (D:11)
  10 adders
  9 gnolls
  2 shadow imps
  3 white imps
  3 worms
  2 dart slugs
  68 orcs
  7 ball pythons
  8 endoplasms
  3 giant cockroaches (D:1)
  9 goblins
  8 hobgoblins
  6 jackals
  7 quokkas
  6 bats
  5 frilled lizards
  4 kobolds
  3 rats (D:1)
2105 creatures vanquished.

Vanquished Creatures (others)
  2 fire giants
  2 draconian annihilators
  A deep elf death mage (Elf:2)
  3 deep elf knights
  2 deep elf zephyrmancers (Elf:2)
  A deep elf pyromancer (Elf:3)
  A centaur skeleton (D:14)
  2 slime creatures (D:14)
  A vampire (D:11)
  An orc warrior (Orc:2)
  4 foxfires (Abyss:4)
  55 fungi
  122 plants
  11 starspawn tentacles (Abyss:4)
  10 tentacles (Shoals:4)
  2 withered plants (D:15)
220 creatures vanquished.

Grand Total: 2325 creatures vanquished

Notes
Turn   | Place    | Note
-------+----------+-------------------------------------------
     0 | D:1      | Ic0nGaming the Kobold Fighter began the quest for the Orb.
     0 | D:1      | Reached XP level 1. HP: 14/14 MP: 1/1
   110 | D:1      | Reached XP level 2. HP: 17/19 MP: 2/2
   390 | D:1      | Reached XP level 3. HP: 23/23 MP: 3/3
   399 | D:1      | Found a faded altar of an unknown god.
   540 | D:1      | Found Zuoh's Antique Weapon Shoppe.
  1312 | D:2      | Noticed Natasha
  1317 | D:2      | Killed Natasha
  1318 | D:2      | Reached XP level 4. HP: 24/28 MP: 4/4
  1637 | D:2      | Noticed Natasha
  1644 | D:2      | Killed Natasha
  1645 | D:2      | Reached XP level 5. HP: 19/32 MP: 5/5
  1717 | D:2      | Noticed Natasha
  1724 | D:2      | Killed Natasha
  2391 | D:3      | Found a transporter.
  2394 | D:3      | Noticed tish's ghost (amateur OpCj)
  2454 | D:3      | Found a transporter.
  2805 | D:3      | Reached XP level 6. HP: 37/37 MP: 6/6
  3084 | D:4      | Reached skill level 5 in Long Blades
  3297 | D:4      | Identified the +6 rapier of the Grave {heavy, rN+ rCorr
                  | Dex+3 SInv}
  3815 | D:4      | Reached XP level 7. HP: 41/41 MP: 7/7
  4082 | D:4      | Reached skill level 5 in Short Blades
  4288 | D:5      | Entered Level 5 of the Dungeon
  4922 | D:5      | Found Xygom's Serpentskin Sales.
  4922 | D:5      | Noticed a water moccasin
  4927 | D:5      | Killed a water moccasin
  4928 | D:5      | Reached skill level 1 in Dodging
  4928 | D:5      | Reached skill level 1 in Stealth
  5162 | D:5      | Found a glowing golden altar of the Shining One.
  5335 | D:6      | Noticed Duvessa
  5335 | D:6      | Noticed Dowan
  5413 | D:6      | Reached XP level 8. HP: 41/46 MP: 8/8
  5463 | D:6      | Killed Duvessa
  5465 | D:6      | Killed Dowan
  5609 | D:6      | Found Rapn's Assorted Antiques.
  5886 | D:6      | Identified the staff of death "Nymuqur" {rElec rPois rN+}
  5918 | D:6      | Reached XP level 9. HP: 39/51 MP: 9/9
  6180 | D:6      | Reached skill level 5 in Stealth
  6251 | D:6      | Noticed Maggie
  6448 | D:6      | Killed Maggie
  6449 | D:6      | Reached skill level 10 in Short Blades
  6449 | D:6      | Reached skill level 5 in Dodging
  6778 | D:7      | Found the +6 shillelagh "Devastator" {shatter}
  6910 | D:7      | Found a staircase to the Ecumenical Temple.
  6920 | Temple   | Entered the Ecumenical Temple
  7287 | Temple   | Became a worshipper of Warmaster Okawaru
  7389 | D:7      | Reached skill level 1 in Invocations
  7814 | D:7      | Reached * piety under Okawaru
  7815 | D:7      | Reached XP level 10. HP: 56/56 MP: 10/12
  7985 | D:8      | Found Cenubi Neaf's Assorted Antiques.
  7997 | D:8      | Bought a potion of might for 108 gold pieces
  8021 | D:8      | Found Zurryiz's Weapon Shoppe.
  8048 | D:8      | You fall into a shaft and drop 3 floors!
  8072 | D:11     | Noticed an unseen horror
  8113 | D:11     | Noticed a manticore
  8217 | D:11     | Noticed a two-headed ogre
  8410 | D:11     | Killed a two-headed ogre
  8413 | D:11     | Noticed a gargoyle
  8498 | D:11     | Killed a manticore
  8498 | D:11     | Reached ** piety under Okawaru
  8521 | D:10     | Entered Level 10 of the Dungeon
  9298 | D:8      | Reached skill level 5 in Fighting
  9344 | D:8      | Reached XP level 11. HP: 63/63 MP: 11/13
  9926 | D:8      | Found Fammis's Armour Emporium.
  9979 | D:8      | Found Suqiuh's General Store.
  9985 | D:8      | Bought a scroll of noise for 12 gold pieces
  9985 | D:8      | Bought a potion of curing for 36 gold pieces
 10132 | D:9      | Noticed a skeletal warrior
 10132 | D:9      | Noticed a centaur warrior
 10320 | D:9      | Found the +3 warlock's mirror {omnireflect}
 10329 | D:9      | Noticed a tengu warrior
 10355 | D:9      | Noticed a two-headed ogre
 10364 | D:9      | Killed a two-headed ogre
 10543 | D:9      | Noticed a two-headed ogre
 10552 | D:9      | Killed a two-headed ogre
 10552 | D:9      | Reached *** piety under Okawaru
 10851 | D:9      | Noticed a boulder beetle
 10852 | D:9      | Noticed a centaur warrior
 11170 | D:10     | Reached skill level 1 in Evocations
 11279 | D:10     | Found a staircase to the Orcish Mines.
 11908 | D:11     | Reached skill level 5 in Evocations
 11912 | D:11     | Found a staircase to the Lair.
 11951 | D:11     | Found a runed translucent door.
 11952 | D:11     | Found a shimmering altar of Xom.
 11952 | D:11     | Noticed FlurksSlurper's ghost (journeyman DsGl)
 11953 | D:11     | Noticed a +4 scimitar of chaos
 12082 | D:11     | Noticed Harold
 12094 | D:11     | Killed Harold
 12262 | D:11     | Reached XP level 12. HP: 61/70 MP: 11/14
 12270 | D:11     | Reached **** piety under Okawaru
 12683 | D:11     | Reached skill level 5 in Armour
 12683 | D:11     | Reached skill level 5 in Shields
 12848 | D:11     | Reached ***** piety under Okawaru
 12849 | D:11     | Reached skill level 10 in Stealth
 12967 | Lair:1   | Entered Level 1 of the Lair of Beasts
 13108 | D:5      | Bought a +0 scale mail of poison resistance for 80 gold
                  | pieces
 13355 | Lair:1   | Received a gift from Okawaru
 14014 | Lair:1   | Received a gift from Okawaru
 14240 | Lair:1   | Noticed a death yak
 14244 | Lair:1   | Noticed a death yak
 14270 | Lair:2   | Noticed a death yak
 14270 | Lair:2   | Noticed a death yak
 14270 | Lair:2   | Noticed a death yak
 14377 | Lair:1   | Reached XP level 13. HP: 78/78 MP: 15/15
 15046 | Lair:2   | Identified a scroll of acquirement
 15047 | Lair:2   | Acquired a +5 demon blade of draining
 15101 | Lair:2   | Reached skill level 5 in Invocations
 15109 | Lair:2   | Found a staircase to the Snake Pit.
 15943 | Lair:3   | Noticed a four-headed hydra
 15952 | Lair:3   | Found a staircase to the Shoals.
 15959 | Lair:3   | Killed a four-headed hydra
 16158 | Lair:3   | Reached skill level 10 in Dodging
 16913 | Lair:4   | Found a staircase to the Slime Pits.
 16914 | Lair:4   | Found a viscous altar of Jiyva.
 17022 | Lair:4   | Reached XP level 14. HP: 71/84 MP: 16/20
 17032 | Lair:4   | Received a gift from Okawaru
 17740 | Lair:5   | Entered Level 5 of the Lair of Beasts
 19311 | Lair:5   | Reached skill level 10 in Fighting
 19345 | Lair:5   | Found a corrupted altar of Lugonu.
 19537 | Lair:5   | Found a one-way gate to the infinite horrors of the Abyss.
 19541 | Lair:5   | Got Guac's Vellum of the Undead and Ill Luck
 19574 | Lair:5   | Acquired a manual of Stealth
 19770 | Lair:5   | Reached XP level 15. HP: 42/92 MP: 12/21
 20015 | Lair:5   | Received a gift from Okawaru
 21559 | D:12     | Identified the scarf "Trusted Companion" {shadows, rElec
                  | Regen+ Int-5 Slay+3} (Okawaru gifted it to you on level 12
                  | of the Dungeon)
 21559 | D:12     | Received a gift from Okawaru
 21644 | D:12     | Reached skill level 15 in Stealth
 21823 | D:12     | Noticed Frances
 21828 | D:12     | Killed Frances
 21954 | D:12     | Noticed Kirke
 22602 | D:13     | Found a white marble altar of Elyvilon.
 23461 | D:8      | Bought a +1 scale mail of cold resistance for 208 gold
                  | pieces
 23558 | Orc:1    | Entered Level 1 of the Orcish Mines
 23899 | Orc:1    | Noticed Erica
 23907 | Orc:1    | Killed Erica
 24049 | Orc:2    | Entered Level 2 of the Orcish Mines
 24168 | Orc:2    | Found a flickering gateway to a bazaar.
 24174 | Bazaar   | Entered a bazaar
 24301 | Bazaar   | Found Lyizuyng's Book Emporium.
 24315 | Bazaar   | Found Nyroaqiw's Antique Weapon Boutique.
 24326 | Bazaar   | Found Sisuef's General Store.
 24353 | Bazaar   | Found Cyvivevo's Distillery.
 24358 | Bazaar   | Bought a potion of heal wounds for 65 gold pieces
 24358 | Bazaar   | Bought a potion of heal wounds for 65 gold pieces
 24384 | Bazaar   | Found Buseff's Antique Armour Emporium.
 24389 | Bazaar   | Bought a pair of heavily runed gloves for 247 gold pieces
 24389 | Bazaar   | Identified the +1 pair of gloves of Existentialism {rElec
                  | Int+3} (You bought it in a shop in a bazaar)
 24394 | Bazaar   | Bought a glowing leather armour for 130 gold pieces
 24426 | Bazaar   | Bought a potion of curing for 33 gold pieces
 24443 | Bazaar   | Bought a potion of curing for 39 gold pieces
 24443 | Bazaar   | Bought a potion of curing for 39 gold pieces
 24715 | Orc:2    | Found a staircase to the Elven Halls.
 24929 | Orc:2    | Reached XP level 16. HP: 96/101 MP: 18/22
 24946 | Orc:2    | Noticed Saint Roka
 24955 | Orc:2    | Reached skill level 10 in Evocations
 24959 | Orc:2    | Killed Saint Roka
 25232 | Orc:2    | Found Moloeg's Jewellery Emporium.
 25237 | Orc:2    | Bought an amulet of reflection for 360 gold pieces
 25264 | Orc:2    | Found a radiant altar of Vehumet.
 25301 | Orc:2    | Found Iwnoxu's Book Emporium.
 25369 | Orc:2    | Found an ancient bone altar of Kikubaaqudgha.
 25404 | Orc:2    | Found Fafeakk's Distillery.
 25410 | Orc:2    | Bought a potion of curing for 33 gold pieces
 25430 | Orc:2    | Found Fuetsom's Antique Armour Shoppe.
 26765 | D:13     | Found a transporter.
 26765 | D:13     | Found a transporter.
 26777 | D:13     | Noticed KristoblXynda's ghost (journeyman DrGl)
 27414 | D:14     | Found an ornate altar of the Wu Jian Council.
 27660 | D:14     | Found a stormy altar of Qazlal.
 27997 | D:14     | Found a gate to the Vaults.
 28219 | D:15     | Entered Level 15 of the Dungeon
 28284 | D:15     | Found a frozen archway.
 28296 | D:15     | Noticed Rupert
 28297 | Abyss:3  | Cast into level 3 of the Abyss (Rupert)
 28407 | Abyss:4  | Found a corrupted altar of Lugonu.
 28538 | Abyss:4  | Found a corrupted altar of Lugonu.
 28538 | Abyss:4  | Found a corrupted altar of Lugonu.
 28725 | Abyss:4  | Noticed a lich
 28739 | Abyss:4  | Killed a lich
 28741 | Abyss:4  | Got an abyssal rune of Zot
 28744 | Abyss:4  | Reached skill level 15 in Dodging
 28751 | Abyss:4  | Noticed a lich
 28763 | Abyss:4  | Killed a lich
 28768 | Abyss:4  | Noticed a dread lich
 28774 | Abyss:4  | Noticed a lich
 28776 | Abyss:4  | Noticed a dread lich
 28776 | Abyss:4  | Noticed a Hell Sentinel
 28797 | Abyss:4  | Noticed a lich
 28816 | Abyss:4  | Killed a lich
 28844 | Abyss:4  | HP: 5/104 [mad acolyte of Lugonu/divine providence (16)]
 28845 | Abyss:4  | HP: 1/104 [poisoned by a death drake (dark miasma)]
 28856 | D:15     | Escaped the Abyss
 29350 | Shoals:1 | Entered Level 1 of the Shoals
 29542 | Shoals:1 | Reached XP level 17. HP: 109/109 MP: 23/23
 29649 | Shoals:1 | Received a gift from Okawaru
 30602 | Shoals:1 | Found Wixodgha's Assorted Antiques.
 31429 | Shoals:2 | Found a runed translucent gate.
 31447 | Shoals:2 | Found a runed translucent gate.
 31447 | Shoals:2 | Found a runed translucent gate.
 31449 | Shoals:2 | Found an opulent altar of Gozag.
 31493 | Shoals:2 | Identified the ring of Greater Demons {Fire rN+++ Str-2
                  | Int+4 Dex-4}
 31953 | Shoals:2 | Noticed Polyphemus
 32693 | Shoals:2 | Received a gift from Okawaru
 33877 | Shoals:3 | Reached skill level 15 in Fighting
 34098 | Snake:1  | Entered Level 1 of the Snake Pit
 34916 | Lair:2   | Reached XP level 18. HP: 119/119 MP: 24/24
 36691 | Elf:1    | Entered Level 1 of the Elven Halls
 37422 | Elf:1    | Acquired 664 gold pieces
 38552 | Elf:2    | Received a gift from Okawaru
 38553 | Elf:2    | Reached XP level 19. HP: 74/127 MP: 25/25
 39442 | Elf:2    | Found a runed translucent gate.
 39443 | Elf:2    | Found a runed translucent gate.
 39443 | Elf:2    | Found a runed translucent gate.
 39771 | Elf:2    | Identified the +10 war axe of Umiabat {drain, rElec rPois
                  | Int+5 Dex-5}
 41045 | Snake:2  | Identified the +3 rapier "Degic" {freeze, rPois}
 41081 | Snake:2  | Identified the +1 ring mail of Kiocoz {rElec Dex+5}
                  | (Okawaru gifted it to you on level 2 of the Snake Pit)
 41081 | Snake:2  | Received a gift from Okawaru
 41497 | Snake:3  | Noticed Louise
 41723 | Snake:3  | Killed Louise
 41985 | Snake:3  | Noticed Aizul
 42010 | Snake:3  | Killed Aizul
 42319 | Snake:3  | Found a transporter.
 42321 | Snake:3  | Found a transporter.
 42706 | Snake:3  | Reached XP level 20. HP: 107/134 MP: 26/26
 42839 | Snake:3  | Identified the +1 trident of the Goat {flame, Dex+6}
 43300 | Snake:4  | Entered Level 4 of the Snake Pit
 45750 | Shoals:4 | Entered Level 4 of the Shoals
 46700 | Shoals:4 | Received a gift from Okawaru
 46800 | Shoals:4 | Noticed Donald
 46822 | Shoals:4 | Killed Donald
 48033 | Shoals:4 | Got a barnacled rune of Zot
 48806 | Vaults:1 | Entered Level 1 of the Vaults
 49368 | Vaults:1 | Reached XP level 21. HP: 144/144 MP: 27/27
 50018 | D:13     | Killed KristoblXynda's ghost
 50078 | D:13     | Identified the +1 glaive of the Fray {flame, Str+7}
 50368 | D:3      | Killed tish's ghost
 51189 | Snake:4  | Got a serpentine rune of Zot
 51779 | Snake:4  | Noticed Agnes
 51783 | Snake:4  | Killed Agnes
 52101 | Elf:3    | Entered Level 3 of the Elven Halls
 52209 | Abyss:4  | Cast into level 4 of the Abyss (+0 dire flail of
                  | distortion)
 52490 | Elf:2    | Escaped the Abyss
 53362 | Elf:3    | Noticed Nikola
 53366 | Elf:3    | Killed Nikola
 53751 | Elf:3    | Identified the ring "Secanet" {rF+ rN+ MP+9 Str-2}
 53789 | Elf:3    | Identified the +1 morningstar of Buaxtuk {venom, rC+}
 53833 | Elf:3    | Identified the +1 leather armour of the Storm King {rN+}
 53858 | Elf:3    | Identified the +1 chain mail of Greed {MP+9}
 53895 | Elf:3    | Identified the +3 spear "Pendulum" {spect, rElec SInv}
 53967 | Elf:3    | Received a gift from Okawaru
 54194 | Elf:3    | Reached XP level 22. HP: 105/153 MP: 24/28
 54772 | Elf:3    | Found Syps's Jewellery Shop.
 54795 | Elf:3    | Bought a ring of protection from cold for 450 gold pieces
 54926 | Elf:3    | Found the +7 great mace "Undeadhunter" {deathbane, rN+}
 54936 | Elf:3    | Identified the +6 great sword of the Open Hand {speed,
                  | rElec rF- Int+2}
 54972 | Elf:3    | Got the Meditations on Conjuring and Obstruction
 55564 | Vaults:1 | Received a gift from Okawaru
 55838 | Vaults:1 | Acquired the +1 helmet "Masiroa" {Fly Will+}
 58271 | D:15     | Found a staircase to the Depths.
 58367 | D:15     | Killed Rupert
 58912 | Depths:1 | Entered Level 1 of the Depths
 59957 | Depths:1 | Reached XP level 23. HP: 114/159 MP: 29/29
 60285 | Depths:1 | Found a gateway to Hell.
 60297 | Depths:1 | Received a gift from Okawaru
 61144 | Depths:1 | Found a one-way gate leading to the halls of Pandemonium.
 61949 | Depths:2 | Reached skill level 15 in Evocations
 62271 | Depths:2 | Found the +8 storm bow {elec, penet}
 62723 | Depths:2 | Found an opulent altar of Gozag.
 62795 | Depths:1 | Reached skill level 27 in Dodging
 67465 | Depths:3 | Found a burning altar of Makhleb.
 68015 | Depths:4 | Entered Level 4 of the Depths
 68040 | Depths:4 | Reached XP level 24. HP: 140/165 MP: 29/29
 68710 | Depths:4 | Noticed a caustic shrike
 68712 | Depths:4 | Noticed a caustic shrike
 68712 | Depths:4 | Noticed a caustic shrike
 68729 | Depths:4 | Killed a caustic shrike
 68736 | Depths:4 | Killed a caustic shrike
 69490 | Depths:4 | Killed a caustic shrike
 69550 | Depths:4 | Noticed a juggernaut
 69592 | Depths:4 | Killed a juggernaut
 69826 | Depths:4 | Found Osisatt's Fire Supplies.
 70393 | Depths:4 | Found a one-way gateway to a ziggurat.
 70840 | Depths:4 | Found a gate to the Realm of Zot.
 71012 | Depths:4 | Noticed a juggernaut
 71015 | Depths:4 | Killed a juggernaut
 71453 | Vaults:2 | Found Weg Hak's Weapon Shop.
 71764 | Vaults:2 | Reached skill level 10 in Armour
 71775 | Vaults:2 | Reached skill level 10 in Shields
 72223 | Vaults:2 | Found a staircase to the Crypt.
 72362 | Vaults:2 | Identified the +0 scale mail "Apseicop" {rN+} (Okawaru
                  | gifted it to you on level 2 of the Vaults)
 72362 | Vaults:2 | Received a gift from Okawaru
 72412 | Vaults:2 | Found Suejor's Distillery.
 72427 | Vaults:2 | Bought a potion of curing for 39 gold pieces
 72427 | Vaults:2 | Bought a potion of haste for 130 gold pieces
 72427 | Vaults:2 | Bought 2 potions of curing for 78 gold pieces
 72427 | Vaults:2 | Bought a potion of heal wounds for 65 gold pieces
 72753 | Vaults:2 | Found Xuybb's Assorted Antiques.
 72757 | Vaults:2 | Bought a scroll of teleportation for 132 gold pieces
 72949 | Vaults:2 | Found Kueqiug's Assorted Antiques.
 72955 | Vaults:2 | Bought a potion of haste for 370 gold pieces
 72955 | Vaults:2 | Bought a potion of curing for 111 gold pieces
 73582 | Vaults:3 | Reached XP level 25. HP: 173/173 MP: 29/29
 73583 | Vaults:3 | Reached XP level 26. HP: 179/179 MP: 29/29
 73662 | Vaults:3 | Reached XP level 27. HP: 182/184 MP: 29/29
 74029 | Vaults:3 | Identified the +1 scale mail of Dishonesty {Harm Will+
                  | Int+3 Stlth+}
 74592 | Vaults:3 | Identified the +1 quarterstaff "Toitzuoc" {flame, Str+3
                  | Int+2}
 74933 | Vaults:3 | Identified the +4 arbalest "Veriptoq" {drain, rN++ Will-
                  | Int+5}
 76023 | Zot:1    | Entered Level 1 of the Realm of Zot
 76475 | Zot:1    | Noticed an orb of fire
 77030 | Depths:4 | Gained mutation: Your spells are a little easier to cast,
                  | but a little less powerful. [an orb of fire]
 77052 | Depths:4 | Killed an orb of fire
 79086 | Zot:1    | Identified the +8 great sword "Kunam" {freeze, rElec Str+3}
 82765 | Zot:2    | Reached skill level 15 in Short Blades
 83798 | Zot:2    | Reached skill level 27 in Stealth
 86264 | Zot:2    | Identified the +2 kite shield "Juhuy" {Int+3 Dex+2}
                  | (Okawaru gifted it to you on level 2 of the Realm of Zot)
 86264 | Zot:2    | Received a gift from Okawaru
 86400 | Zot:2    | Noticed a Killer Klown
 86410 | Zot:2    | Killed a Killer Klown
 88463 | Zot:2    | Identified the ring "Wucip" {Contam EV+5 Str+4}
 89689 | Zot:2    | Glimpsed the power of Zot.
 90196 | Zot:2    | Glimpsed the power of Zot.
 90299 | Zot:3    | HP: 9/188 [green draconian monk[a red draconian scorcher]
                  | (7)]
 90873 | Zot:2    | Received a gift from Okawaru
 91683 | Zot:3    | Noticed an orb of fire
 91687 | Zot:3    | Killed an orb of fire
 92942 | Zot:3    | Noticed Parghit
 93012 | Zot:3    | Killed Parghit
 95030 | Zot:5    | Entered Level 5 of the Realm of Zot
 95087 | Zot:5    | Found a huge runed gate.
 95087 | Zot:5    | Found a huge runed gate.
 95087 | Zot:5    | Found a huge runed gate.
 95087 | Zot:5    | Found a huge runed gate.
 95087 | Zot:5    | Found a huge runed gate.
 95090 | Zot:5    | Found a huge runed gate.
 95091 | Zot:5    | Found a huge runed gate.
 95092 | Zot:5    | Found a huge runed gate.
 95093 | Zot:5    | Found a huge runed gate.
 95095 | Zot:5    | Found a huge runed gate.
 95168 | Zot:5    | Found a huge runed gate.
 95169 | Zot:5    | Found a huge runed gate.
 95170 | Zot:5    | Found a huge runed gate.
 95171 | Zot:5    | Found a huge runed gate.
 95172 | Zot:5    | Found a huge runed gate.
 95173 | Zot:5    | Found a huge runed gate.
 95176 | Zot:5    | Found a huge runed gate.
 95177 | Zot:5    | Found a huge runed gate.
 95178 | Zot:5    | Found a huge runed gate.
 95183 | Zot:5    | Found a huge runed gate.
 95183 | Zot:5    | Found a huge runed gate.
 95183 | Zot:5    | Found a huge runed gate.
 95184 | Zot:5    | Found a huge runed gate.
 95186 | Zot:5    | Found a huge runed gate.
 95187 | Zot:5    | Found a huge runed gate.
 95188 | Zot:5    | Found a huge runed gate.
 95189 | Zot:5    | Found a huge runed gate.
 95190 | Zot:5    | Found a huge runed gate.
 95237 | Zot:5    | Found a huge runed gate.
 95237 | Zot:5    | Found a huge runed gate.
 95237 | Zot:5    | Found a huge runed gate.
 95238 | Zot:5    | Found a huge runed gate.
 95239 | Zot:5    | Found a huge runed gate.
 95240 | Zot:5    | Found a huge runed gate.
 95241 | Zot:5    | Found a huge runed gate.
 95242 | Zot:5    | Found a huge runed gate.
 95247 | Zot:5    | Noticed a dread lich
 95247 | Zot:5    | Noticed an orb of fire
 95247 | Zot:5    | Noticed an orb of fire
 95247 | Zot:5    | Noticed an ancient lich
 95247 | Zot:5    | Noticed an orb of fire
 95316 | Zot:5    | Received a gift from Okawaru
 95756 | Zot:5    | Noticed an orb of fire
 95758 | Zot:5    | Noticed an orb of fire
 95759 | Zot:5    | Gained mutation: You are frail. (-10% HP) [an orb of fire]
 95760 | Zot:5    | Noticed an orb of fire
 95763 | Zot:5    | Noticed an orb of fire
 95767 | Zot:5    | Noticed an orb of fire
 95773 | Zot:5    | Gained mutation: Your flesh is heat resistant. (rF+) [an
                  | orb of fire]
 95778 | Zot:5    | Killed an orb of fire
 95781 | Zot:5    | Gained mutation: You occasionally lose the ability to drink
                  | potions when taking damage. [an orb of fire]
 96043 | Zot:4    | Gained mutation: You occasionally lose the ability to read
                  | scrolls when taking damage. [an orb of fire]
 96055 | Zot:4    | Killed an orb of fire
 96062 | Zot:4    | Gained mutation: You are clumsy. (Dex -2) [an orb of fire]
 96069 | Zot:4    | Gained mutation: You are very clumsy. (Dex -4) [an orb of
                  | fire]
 96079 | Zot:4    | Gained mutation: You have a pair of small horns on your
                  | head. [an orb of fire]
 96090 | Zot:4    | Killed an orb of fire
 96114 | Zot:4    | Killed an orb of fire
 96413 | Zot:5    | Noticed a Killer Klown
 96413 | Zot:5    | Gained mutation: You do not regenerate when monsters are
                  | visible. [an orb of fire]
 96418 | Zot:4    | Gained mutation: Armour fits poorly on your strangely
                  | shaped body. [an orb of fire]
 96445 | Zot:4    | Killed an orb of fire
 96447 | Zot:4    | Lost mutation: You occasionally lose the ability to drink
                  | potions when taking damage. [potion of mutation]
 96447 | Zot:4    | Lost mutation: You are very clumsy. (Dex -4) [potion of
                  | mutation]
 96447 | Zot:4    | Lost mutation: You are clumsy. (Dex -2) [potion of
                  | mutation]
 96447 | Zot:4    | Gained mutation: You have large cloven feet. [potion of
                  | mutation]
 96447 | Zot:4    | Gained mutation: You are weak. (Str -2) [potion of
                  | mutation]
 96448 | Zot:4    | Lost mutation: You have a pair of small horns on your head.
                  | [potion of mutation]
 96448 | Zot:4    | Lost mutation: You do not regenerate when monsters are
                  | visible. [potion of mutation]
 96448 | Zot:4    | Lost mutation: You are weak. (Str -2) [potion of mutation]
 96448 | Zot:4    | Gained mutation: Your body sometimes deteriorates upon
                  | taking damage. [potion of mutation]
 96448 | Zot:4    | Gained mutation: You are somewhat resistant to further
                  | mutation. [potion of mutation]
 96448 | Zot:4    | Gained mutation: Your magical capacity is low. (-10% MP)
                  | [potion of mutation]
 96448 | Zot:4    | Gained mutation: You are partially covered in large bone
                  | plates. (SH +4) [potion of mutation]
 96472 | Zot:4    | Killed a dread lich
 96489 | Zot:4    | a Killer Klown changed into a shard shrike
 96489 | Zot:4    | Noticed a shard shrike
 96501 | Zot:4    | Killed a shard shrike
 96726 | Zot:5    | Noticed an ancient lich
 96745 | Zot:4    | Killed an orb of fire
 96746 | Zot:4    | Lost mutation: You are frail. (-10% HP) [potion of
                  | mutation]
 96746 | Zot:4    | Lost mutation: You occasionally lose the ability to read
                  | scrolls when taking damage. [potion of mutation]
 96746 | Zot:4    | Gained mutation: You are covered in fur. (AC +1) [potion of
                  | mutation]
 96871 | Zot:4    | Gained mutation: You occasionally shout uncontrollably at
                  | your foes. [an orb of fire]
 96882 | Zot:4    | Killed an orb of fire
 97427 | Zot:5    | Killed an ancient lich
 97458 | Zot:4    | Gained mutation: You are frail. (-10% HP) [an orb of fire]
 97476 | Zot:4    | Killed an orb of fire
 97694 | Zot:4    | Killed an ancient lich
 97982 | Zot:5    | Got the Codex of Frostbitten Force
 98035 | Zot:5    | Noticed a Killer Klown
 98048 | Zot:5    | Noticed a Killer Klown
 98795 | Zot:5    | a Killer Klown changed into a rockslime
 99460 | Zot:4    | Killed a Killer Klown
100101 | Zot:5    | Noticed a dread lich
100110 | Zot:5    | Paralysed by a dread lich for 5 turns
100122 | Zot:5    | Killed a dread lich
100150 | Zot:5    | Noticed an ancient lich
100485 | Zot:5    | Killed an ancient lich
100886 | Zot:5    | Noticed an orb of fire
100898 | Zot:5    | Gained mutation: You occasionally lose the ability to drink
                  | potions when taking damage. [an orb of fire]
100949 | Zot:5    | Gained mutation: You frequently scream uncontrollably at
                  | your foes. [an orb of fire]
100970 | Zot:4    | Killed an orb of fire
100973 | Zot:4    | Lost mutation: Your body sometimes deteriorates upon taking
                  | damage. [potion of mutation]
100973 | Zot:4    | Lost mutation: You are frail. (-10% HP) [potion of
                  | mutation]
100973 | Zot:4    | Lost mutation: You have large cloven feet. [potion of
                  | mutation]
101079 | Zot:5    | Noticed an ancient lich
101104 | Zot:5    | Killed an ancient lich
101313 | Zot:5    | Noticed an orb of fire
101350 | Zot:5    | Gained mutation: You sometimes lose the ability to drink
                  | potions when taking damage. [an orb of fire]
101351 | Zot:5    | Killed an orb of fire
101834 | Zot:5    | Noticed a dread lich
101870 | Zot:5    | Killed a dread lich
102950 | Zot:5    | Got the Orb of Zot
103823 | D:$      | Escaped with the Orb!

Illustrated notes

Levels and vault maps discovered:
D:1:      ebering_trefoil_3fold, layout_basic,
          hellmonk_ecumenical_altar_inner_sanctum, serial_shops, shop
D:2:      layout_loops_corners, uniq_natasha
D:3:      layout_basic, gammafunk_ghost_stat_death, serial_forest,
          infiniplex_forest_3_way, infiniplex_forest_straight_1,
          infiniplex_forest_lined_room_3, infiniplex_forest_zigzag_2,
          infiniplex_forest_lined_2, infiniplex_forest_clump_diagonal,
          infiniplex_forest_end_3, infiniplex_forest_end_double,
          infiniplex_forest_clump_cross
D:4:      layout_basic
D:5:      layout_loops_ring, nicolae_tso_carved_into_rock, guppyfry_shop_venom
D:6:      layout_rooms, serial_shops, nicolae_shop_waterfront, uniq_duvessa,
          uniq_maggie
D:7:      layout_basic, minmay_temple_entry_statues_fountains,
          minmay_misc_feat_pillars, hellmonk_no_cap
D:8:      layout_loops_ring, serial_shops, nicolae_shop_stone, shop, shop,
          nicolae_shop_hallway_stairs
D:9:      layout_roguey, kennysheep_decorative_pillar,
          onia_ninara_dug_in_and_dangerous
D:10:     layout_basic, david_orc_1_choice, minmay_variable_closet,
          serial_bayou_pond_e
D:11:     layout_roguey, due_lair_maze_entry_diamond, serial_undead,
          serial_undead_c, serial_undead_c, serial_undead_e, serial_undead_b,
          serial_undead_a, serial_undead_c, serial_undead_a, ebering_ghost_xom,
          uniq_harold
D:12:     layout_loops_ring, uniq_frances, uniq_kirke
D:13:     layout_irregular_city, gammafunk_ghost_mausoleum, elyvilon_altar_4
D:14:     layout_loops_ring, hangedman_vaults_entry_quadrant_bands,
          nzn_wu_jian_council_hall, kennysheep_crisscross,
          grunt_qazlal_sundering
D:15:     gammafunk_depths_entry_grave, layout_basic,
          portal_ice_cave_entry_dragon, uniq_rupert
Temple:   regret_index_temple_sigil_plot
Lair:1:   layout_cave_pods, grunt_megastairs_3, serial_bayou_shore_b
Lair:2:   layout_regular_city, minmay_snake_entry_six_corridors,
          serial_bayou_shore_b, serial_bayou_shore_a
Lair:3:   layout_misc_corridors, minmay_shoals_entry_beasts
Lair:4:   layout_hall_layers, slime_entry_1
Lair:5:   hellmonk_lair_end_abyssal_woods, layout_cave_pods,
          infiniplex_staircase_pool_2, grunt_megastairs_4
Shoals:1: layout_shoals, serial_shops, nicolae_lakefront_shop
Shoals:2: layout_shoals, ebering_ghost_gozag, nicolae_shoals_square_sea_wall,
          uniq_polyphemus
Shoals:3: layout_shoals
Shoals:4: shoals_end_hangedman, layout_shoals, nicolae_shoals_songs, uniq_donald
Snake:1:  layout_misc_corridors
Snake:2:  layout_onion_interference, serial_bayou_pond_b, grunt_ministairs_10
Snake:3:  layout_misc_corridors, gammafunk_ghost_arena, serial_bayou_pond_b,
          nicolae_snake_naga_rites, uniq_aizul, uniq_louise
Snake:4:  hellmonk_snake_rune_quicksilver_temple, layout_cave_town, uniq_agnes
Orc:1:    layout_diamond_mine, bh_open_orc_temple, uniq_erica
Orc:2:    kennysheep_orc_mage_school, layout_diamond_mine, serial_shops,
          freezing_bzr, uniq_saint_roka
Elf:1:    eino_elf_arrival_sip, layout_rooms,
          hangedman_elven_crosses_minicolossus,
          nicolae_elf_vaults_five_recruitment_drive
Elf:2:    nicolae_elf_blades_crystal_corner, layout_onion_city
Elf:3:    minmay_elf_hall_x, layout_onion_city, serial_shops, shop_statue,
          uniq_nikola
Vaults:1: ontoclasm_vaults_gateway, nicolae_vaults_ninety_degrees, v_misc_26,
          vaults_room_large_hall, v_misc_32, nicolae_vaults_network_barrier,
          vaults_room_door_hall, vaults_dpeg_cross, nicolae_vaults_big_ls,
          dpeg_vaults_pockets_of_resistance, vaults_room_semicircle, v_misc_15,
          ontoclasm_vaults_ligature, vaults_room_door_ring,
          layout_vaults_big_cross
Vaults:2: nicolae_vaults_windows_and_doors_thing, minmay_crypt_entry_vampire_xt,
          vaults_room_boxed, v_misc_22, vaults_room_door_hall, vaults_dpeg_ring,
          hangedman_vaults_unwind, layout_vaults_chaotic_city, serial_shops,
          shop, nicolae_shop_advertising_works [nicolae_subvault_shop_adworks],
          nicolae_shop_hallway_stairs, nicolae_shop_hallway_stairs
Vaults:3: nicolae_vaults_network_star, nicolae_vaults_yaktaur_gun_rack,
          ontoclasm_vaults_hangar, hangedman_vaults_corner_blocks,
          vaults_mumra_hexcomb, nicolae_vaults_fighting_squares,
          nicolae_vaults_little_squares_6, hangedman_vaults_stream,
          vaults_room_corners, vaults_mumra_chevron,
          nicolae_vaults_little_squares_5, vaults_dpeg_emergency_exit,
          nicolae_vaults_triangles, nicolae_vaults_little_squares_2,
          layout_vaults_maze
Vaults:4: ontoclasm_vaults_ring_large, nicolae_vaults_network_periphery,
          vaults_standard_mumra_lines, nicolae_vaults_circle_grid_b, v_misc_12,
          vaults_dpeg_diagonal, hangedman_vaults_restitches,
          vaults_room_fancy_cross, nicolae_vaults_little_squares_2,
          nicolae_vaults_little_squares_2, nicolae_vaults_ring_of_whatevers,
          ontoclasm_vaults_fault, grunt_vaults_hallway_short, st_smaller_cells,
          v_pattern_2, v_misc_13, layout_vaults_ring, uniq_sojobo
Depths:1: layout_cave_pools, rand_demon_pan_entry_4, grunt_mini_vestibule,
          kennysheep_generic_room_9
Depths:2: minmay_shoctagon, layout_cave_shapes, grunt_gozag_breadcrumbs,
          hell_entry, rand_demon_pan_entry_7, nicolae_burly_brawl
Depths:3: minmay_ornate_pinched, layout_cave_pools, hangedman_abyss_entry_splay,
          old_standard_altar, pf_coc_iceberg, minivault_15,
          ebering_dispersal_statue_hall
Depths:4: evilmike_zot_entry_basic, layout_honeycomb, enter_ziggurat_b,
          pf_hell_entry_tar_river, grunt_ministairs_10, nicolae_shop_fire_sale
          [nicolae_sub_dead_trees], infiniplex_staircase_pool_lava
Zot:1:    lemuel_acid_trip, layout_concentric_octagons
Zot:2:    lemuel_halls_of_wrath, layout_gridlike, zot_minivault_1
Zot:3:    layout_basic, uniq_parghit
Zot:4:    layout_gridlike
Zot:5:    layout_misc_corridors, door_vault

Skill      XL: |  1  2  3  4  5  6  7  8  9 10 11 12 13 14 15 16 17 18 19 20 21 22 23 24 25 26 27 |
---------------+----------------------------------------------------------------------------------+-----
Long Blades    | 2 3 4 5 |  5.0
Short Blades   | 4 7 9 11 13 25 | 25.5
Dodging        | 2 4 5 6 7 9 10 11 13 15 16 18 21 23 24 26 27 | 27.0
Stealth        | 2 4 6 7 9 10 11 13 15 18 21 22 23 24 27 | 27.0
Invocations    | 2 8 |  8.0
Fighting       | 5 6 7 8 10 11 13 15 16 17 19 20 21 22 26 | 26.8
Armour         | 3 4 5 6 7 8 9 10 11 | 11.5
Shields        | 3 4 5 6 7 8 9 10 11 | 11.4
Evocations     | 7 8 9 10 14 15 16 17 | 17.6

Action                     |  1- 3 |  4- 6 |  7- 9 | 10-12 | 13-15 | 16-18 | 19-21 | 22-24 | 25-27 || total
---------------------------+-------+-------+-------+-------+-------+-------+-------+-------+-------++-------
  Melee: Long sword        |   107 |    47 |       |       |       |       |       |       |       ||   154
         Dagger            |       |    62 |       |       |       |       |       |       |       ||    62
         Rapier            |       |    23 |   185 |   438 |  1053 |  1382 |  1868 |  2318 |  3528 || 10795
         Unarmed           |       |       |       |       |     8 |       |       |       |       ||     8
         Headbutt          |       |       |       |       |       |       |       |       |    27 ||    27
  Throw: Boomerang         |       |       |     1 |     6 |    19 |    18 |    28 |    58 |    83 ||   213
         Throwing net      |       |       |       |     1 |       |       |     4 |       |       ||     5
 Invoke: Heroism           |       |       |       |    21 |    35 |    35 |    33 |    22 |    19 ||   165
         Finesse           |       |       |       |       |     3 |     6 |    10 |     8 |    20 ||    47
  Evoke: Wand              |       |       |       |     3 |       |    19 |    16 |     2 |     8 ||    48
    Use: Scroll            |     4 |     4 |     6 |    12 |    13 |    14 |     9 |     5 |    14 ||    81
         Potion            |       |       |     4 |     2 |     4 |    22 |     7 |     2 |    11 ||    52
   Stab: Sleeping          |     2 |     3 |     8 |    22 |    49 |    45 |    60 |    71 |    76 ||   336
         Distracted        |       |       |     2 |     4 |    11 |    12 |    17 |    11 |    15 ||    72
         Invisible         |       |       |     1 |       |       |     6 |     7 |       |       ||    14
         Held in net/web   |       |       |       |       |       |     1 |       |       |       ||     1
         Paralysed         |       |       |       |       |       |     1 |       |       |       ||     1
 Armour: Scale mail        |    37 |    33 |    10 |     8 |   117 |     7 |       |       |       ||   212
         Ring mail         |       |       |    27 |    39 |       |       |       |       |       ||    66
         Acid dragon scale |       |       |    12 |     6 |       |       |       |       |       ||    18
         Leather armour    |       |       |       |       |       |    89 |    62 |       |   204 ||   355
         Quicksilver drago |       |       |       |       |       |       |   137 |   297 |    97 ||   531
  Dodge: Dodged            |    50 |    31 |   116 |   249 |   678 |   950 |  1376 |  2368 |  2981 ||  8799
  Block: Buckler           |    28 |    34 |    35 |       |       |       |       |       |       ||    97
         Kite shield       |       |       |    69 |   203 |   677 |  1360 |  1532 |  1665 |  2724 ||  8230
         Reflection        |       |       |       |       |       |    80 |   126 |    33 |    48 ||   287

Table legend: (Time is in decaauts)
 A = Elapsed time spent in this place.
 B = Non-inter-level travel time spent in this place.
 C = Inter-level travel time spent in this place.
 D = Time resting spent in this place.
 E = Time spent auto-exploring this place.
 F = Levels seen in this place.
 G = Mean time per level.
                   A        B        C        D        E       F      G
               +--------+--------+--------+--------+--------+-----+--------+
         Total | 103562 |  97079 |   6483 |  39228 |  33337 |  51 | 2030.6 |
       Dungeon |  22333 |  19265 |   3068 |   4355 |  10795 |  15 | 1488.9 |
        Temple |    376 |    367 |      9 |      0 |    329 |   1 |  376.0 |
          Lair |   9941 |   9223 |    718 |   2861 |   4097 |   5 | 1988.2 |
        Shoals |   7549 |   6966 |    583 |   2550 |   2390 |   4 | 1887.2 |
     Snake Pit |   7647 |   7286 |    361 |   2845 |   2111 |   4 | 1911.8 |
  Orcish Mines |   2632 |   2118 |    514 |    187 |    846 |   2 | 1316.0 |
   Elven Halls |   6058 |   5736 |    322 |   1592 |   2560 |   3 | 2019.3 |
        Vaults |   7809 |   7462 |    347 |   1876 |   3734 |   4 | 1952.2 |
        Depths |  13970 |  13711 |    259 |   8142 |   2624 |   4 | 3492.5 |
           Zot |  24099 |  23801 |    298 |  14767 |   3626 |   5 | 4819.8 |
         Abyss |    824 |    824 |      0 |     50 |      0 |   3 |  274.7 |
        Bazaar |    318 |    318 |      0 |      0 |    223 |   1 |  318.0 |
               +--------+--------+--------+--------+--------+-----+--------+

Top non-repeatable levels by time:
   Zot:2: 9324 daAuts
Depths:4: 4927 daAuts
   Zot:5: 4526 daAuts
   Zot:4: 4404 daAuts
   Zot:1: 4019 daAuts
Depths:2: 3672 daAuts
Vaults:1: 3481 daAuts
 Snake:3: 3280 daAuts
  Lair:2: 2963 daAuts
  Lair:5: 2891 daAuts
Depths:1: 2711 daAuts
Depths:3: 2659 daAuts
Vaults:2: 2634 daAuts
   Elf:2: 2532 daAuts
    D:14: 2231 daAuts
